 Dungeon Crawl Stone Soup version 0.31.0-9-g3a7656b989 (webtiles) character file.

Game seed: 11969440898386579589

16391 Aneyh the Warrior (level 12, -1/79 HPs)
             Began as a Tengu Monk on Jan 25, 2024.
             Was a High Priest of Hepliaklqana.
             Shot with an arrow by Nessos (4 damage)
             ... on level 12 of the Dungeon.
             The game lasted 00:36:53 (12007 turns).

Aneyh the Warrior (Tengu Monk)                     Turns: 12007, Time: 00:36:53

Health: -1/79      AC: 12    Str: 11    XL:     12   Next: 37%
Magic:  2/13       EV: 17    Int: 23    God:    Hepliaklqana [*****.]
Gold:   602        SH:  0    Dex: 16    Spells: 1/11 levels left

rFire   . . .        b - +3 shortbow (freeze)
rCold   . . .        (shield currently unavailable)
rNeg    . . .        U - +1 steam dragon scales
rPois   .            y - +0 hat
rElec   .            F - +0 cloak
rCorr   .            t - +0 pair of gloves
SInv    .            (boots unavailable)
Will    .....        T - amulet of regeneration
Stlth   +            v - +4 ring of protection
HPRegen 1.13/turn    G - +6 ring of intelligence
MPRegen 0.13/turn

%: acrobat
@: lethally poisoned (-1 -> -22), flying, very slightly contaminated
A: reduced essence, beak, talons 3, evasive flight, acrobatic
a: Renounce Religion, Recall Ancestor, Ancestor Identity, Transference, Idealise


You were on level 12 of the Dungeon.
You worshipped Hepliaklqana.
Hepliaklqana was extremely pleased with you.
You visited 2 branches of the dungeon, and saw 13 of its levels.
You also visited: Sewer.

You collected 602 gold pieces.

Inventory:

Hand Weapons
 a - a +3 trident of draining
 b - a +3 shortbow of freezing (weapon)
 f - a +0 scimitar
 L - a +4 spear
 M - a +0 arbalest
 N - a +0 spectral battleaxe
Armour
 s - the +1 ring mail of Byizeoxu {Will+ Str+3 Dex-2}
   (You found it on level 3 of the Dungeon)

   Str+3:     It affects your strength (+3).
   Dex-2:     It affects your dexterity (-2).
   Will+:     It increases your willpower.
 t - a +0 pair of gloves (worn)
 y - a +0 hat (worn)
 B - a +0 troll leather armour
 F - a +0 cloak (worn)
 O - a +0 buckler
 U - +1 steam dragon scales (worn)
Jewellery
 v - a +4 ring of protection (left hand)
 C - a ring of ice
 G - a +6 ring of intelligence (right hand)
 H - a ring of protection from fire
 K - a ring of wizardry
 R - a +6 ring of intelligence
 T - an amulet of regeneration (around neck)
Wands
 x - a wand of charming (5)
 V - a wand of flame (30)
Scrolls
 d - a scroll of brand weapon
 i - a scroll of fear {unknown}
 j - a scroll of fog
 k - a scroll of enchant armour
 l - a scroll of revelation
 o - a scroll of poison {unknown}
 p - 3 scrolls of noise {unknown}
 q - 5 scrolls of teleportation
 r - 5 scrolls of enchant weapon
 w - 2 scrolls of blinking {unknown}
 J - 2 scrolls of identify
 P - 2 scrolls of silence {unknown}
 Q - 2 scrolls of amnesia {unknown}
 X - a scroll of immolation {unknown}
Potions
 c - a potion of ambrosia
 e - 4 potions of lignification
 h - a potion of cancellation {unknown}
 m - a potion of experience {unknown}
 n - 8 potions of curing
 u - a potion of mutation {unknown}
 z - 2 potions of degeneration {unknown}
 A - 2 potions of heal wounds {unknown}
 D - 2 potions of haste {unknown}
 E - 4 potions of resistance {unknown}
 I - 2 potions of might {unknown}
 S - 3 potions of invisibility {unknown}
 W - 2 potions of brilliance {unknown}
 Z - a potion of berserk rage {unknown}


   Skills:
 + Level 15.6 Fighting
 - Level 5.0 Long Blades
 - Level 1.0 Maces & Flails
 - Level 3.2 Dodging
 - Level 14.0 Summonings


You had one spell level left.
You knew the following spells:

 Your Spells              Type           Power      Damage    Failure   Level
a - Summon Cactus Giant   Summ           29%        N/A       8%          6
b - Martyr's Knell        Necr/Summ      32%        N/A       9%          4

Your spell library contained the following spells:

 Spells                   Type           Power      Damage    Failure   Level
 Kiss of Death            Conj/Necr      0%         2d5       16%         1
 Cigotuvi's Dreadful Rot  Necr/Alch/Air  0%         N/A       24%         2
 Summon Forest            Summ/Tloc      16%        N/A       24%         5
 Summon Mana Viper        Hex/Summ       32%        N/A       24%         5
 Confusing Touch          Hex            0%         N/A       43%         3
 Fugue of the Fallen      Necr           0%         N/A       43%         3
 Inner Flame              Hex/Fire       0%         N/A       43%         3
 Ozocubu's Armour         Ice            0%         N/A       43%         3
 Dispel Undead            Necr           0%         3d6       83%         4
 Ignite Poison            Fire/Alch      0%         N/A       83%         4
 Leda's Liquefaction      Alch/Erth      0%         N/A       83%         4
 Manifold Assault         Tloc           0%         N/A       83%         4
 Irradiate                Conj/Alch      0%         3d11      99%         5
 Lee's Rapid Deconstruct  Erth           0%         3d4*      99%         5
 Yara's Violent Unravell  Hex/Alch       0%         3d3       99%         5
 Bombard                  Conj/Erth      0%         9d1       100%        6
 Death Channel            Necr           0%         N/A       100%        6
 Eringya's Noxious Bog    Alch           0%         4d6       100%        6
 Ignition                 Fire           0%         3d3       100%        8


Dungeon Overview and Level Annotations

Branches:
Dungeon (12/15)            Temple (1/1) D:4            Lair (0/5) D:11
    Orc (0/2) D:11          Sewer (visited)

Altars:
Ashenzari
Cheibriados
Dithmenos
Elyvilon
Fedhas
Gozag
Hepliaklqana
Kikubaaqudgha
Makhleb
Nemelex Xobeh
Okawaru
Qazlal
Ru
Sif Muna
Trog
Uskayaw
Vehumet
Wu Jian
Xom
Yredelemnul
Zin
The Shining One

Shops:
D:11 =

Annotations:
D:8 3 runed translucent doors, mkat's ghost, novice AtAl
D:12 Nessos


Innate Abilities, Weirdness & Mutations

Your life essence is reduced to manifest your ancestor. (-10% HP)
You have a beak for a mouth.
You have claws for feet.
Your magical flight helps you evade attacks. (EV +4)
You can magically evade attacks while moving or waiting.


Message History

Your butterfly disappears in a burst of colours!
Nessos completely misses your butterfly.
Nessos barely misses your butterfly. The orc misses your butterfly.
You feel very sick.
Psammuthes casts a spell next to your butterfly.
The stone arrow hits something!!
Reactivating autopickup.
You feel a bit more experienced. Nessos hits your butterfly.
Your butterfly dies!
Your butterfly disappears in a burst of colours!
Something hits Psammuthes but does no damage.
Something misses Psammuthes.
Your cactus giant hits the orc with a +0 giant spiked club!!
The orc dies!
The orc priest completely misses your butterfly.
You feel very sick. Nessos hits your butterfly!
Your butterfly dies!
Your butterfly disappears in a burst of colours!
Nessos hits your butterfly.
Your butterfly dies!
Your butterfly disappears in a burst of colours!
A puff of flame appears from out of your range of vision.
The puff of flame hits your cactus giant!
Something hits your butterfly.
Your butterfly dies!
Your butterfly disappears in a burst of colours!
There is a stone staircase leading up here.
Press: ? - help, v - describe, . - travel
Here: Nessos, wearing a +0 barding (fast, ally target)
The floor.
You feel very sick.
Nessos wields a +3 longbow of flaming.
It bursts into flame!
Nessos shoots an arrow.
The arrow hits you!!
* * * LOW HITPOINT WARNING * * *
The arrow burns you.
You are lethally poisoned!
* * * LOW HITPOINT WARNING * * *
Nessos shoots an arrow.
The arrow hits you.
You die...

........#R#
.........##
........#.###
.........#..#
...b...#.#.#
.....b.b..#.##
........b...#.#
........b...#.##
......b.bb...@##
...ยง....bbc..##
...)..bbbbbbb#
......Rbbbbb##
...)bRC.bbb.#
......bbbbb.##
.............##
....?.........#
......obb.b#.##


You could see the friendly Psammuthes the battlemage, Nessos (fast, ally target)
and a friendly cactus giant (summoned).

Vanquished Creatures
  Maurice (D:8)
  A cyclops (D:11)
  Jeremiah (D:9)
  A komodo dragon (D:11)
  A tengu conjurer (D:11)
  A slime creature (D:11)
  A shadow (D:10)
  A vampire mosquito (D:11)
  An acid dragon (D:9)
  4 orc warriors
  2 ice beasts
  A sky beast (D:7)
  4 centaurs (D:9)
  4 bullfrogs
  A gnoll sergeant (D:7)
  A scorpion (D:4)
  A killer bee (D:9)
  A howler monkey (D:8)
  A crimson imp (D:9)
  2 bombardier beetles (D:5)
  10 orc priests
  A hound (D:4)
  2 jellies
  Jessica (D:2)
  10 orc wizards
  6 gnolls
  7 adders
  A river rat (Sewer)
  A shadow imp (D:6)
  A white imp (D:6)
  2 dart slugs
  3 ribbon worms
  41 orcs
  7 bats
  7 endoplasms
  3 giant cockroaches
  3 goblins
  7 hobgoblins
  2 quokkas
  7 ball pythons
  7 frilled lizards
  7 kobolds
  9 rats
176 creatures vanquished.

Vanquished Creatures (collateral kills)
  Jorgrun (D:12)
  Gastronok (D:9)
  2 two-headed ogres (D:10)
  An arcanist (D:9)
  A manticore (D:12)
  An ugly thing (D:11)
  An elephant (D:11)
  A komodo dragon (D:11)
  2 trolls
  A polar bear (shapeshifter) (D:9)
  11 yaks (D:9)
  3 slime creatures (D:11)
  A steam dragon (D:8)
  2 vampire mosquitoes (D:11)
  A water moccasin (D:6)
  2 nameless horrors (D:11)
  An ice beast (D:6)
  2 sky beasts (D:6)
  2 black bears (D:8)
  6 orc warriors
  2 ogres
  2 centaurs (D:9)
  A phantom (D:5)
  A kobold brigand (D:6)
  2 brain worms (Sewer)
  2 bullfrogs
  A gnoll sergeant (D:10)
  8 killer bees
  2 howler monkeys
  4 bombardier beetles
  3 hounds
  2 jellies
  8 orc priests
  2 gnoll boudas
  2 iguanas
  3 sleepcaps
  13 orc wizards
  12 gnolls
  3 adders
  A river rat (Sewer)
  A shadow imp (D:6)
  18 orcs
  A frilled lizard (Sewer)
  2 kobolds (D:6)
139 creatures vanquished.

Vanquished Creatures (others)
  9 battlemagi
9 creatures vanquished.

Grand Total: 324 creatures vanquished

Notes
Turn   | Place    | Note
-------+----------+-------------------------------------------
     0 | D:1      | Aneyh the Tengu Monk began the quest for the Orb.
     0 | D:1      | Reached XP level 1. HP: 14/14 MP: 2/2
   170 | D:1      | Reached XP level 2. HP: 14/19 MP: 3/3
   788 | D:2      | Reached XP level 3. HP: 16/23 MP: 4/4
   788 | D:2      | Noticed Jessica
   789 | D:2      | Found a faded altar of an unknown god.
   792 | D:2      | Killed Jessica
   793 | D:2      | Reached skill level 5 in Long Blades
   794 | D:2      | Reached skill level 1 in Summonings
   849 | D:2      | Reached XP level 4. HP: 16/28 MP: 5/5
  1385 | D:3      | Found a sacrificial altar of Ru.
  1677 | D:3      | Identified the +1 ring mail of Byizeoxu {Will+ Str+3 Dex-2}
  1843 | D:3      | Reached XP level 5. HP: 32/32 MP: 6/6
  2256 | D:3      | Found an iron altar of Okawaru.
  2256 | D:3      | Found a bloodstained altar of Trog.
  2256 | D:3      | Found a glowing silver altar of Zin.
  2257 | D:3      | Found a basalt altar of Yredelemnul.
  2260 | D:3      | Found a shadowy altar of Dithmenos.
  2262 | D:3      | Found a hide-covered altar of Uskayaw.
  2536 | D:4      | Reached skill level 4 in Fighting
  2540 | D:4      | Reached XP level 6. HP: 18/38 MP: 7/7
  2637 | D:4      | Found a staircase to the Ecumenical Temple.
  2646 | Temple   | Entered the Ecumenical Temple
  2689 | Temple   | Became a worshipper of Hepliaklqana the Forgotten
  2689 | Temple   | Reached * piety under Hepliaklqana
  2689 | Temple   | Reached ** piety under Hepliaklqana
  2690 | Temple   | Remembered your ancestor Psammuthes as a battlemage
  2816 | D:4      | Reached skill level 1 in Maces & Flails
  2863 | D:4      | Reached skill level 5 in Fighting
  3104 | D:4      | Gained mutation: Your magical flight helps you evade
                  | attacks. (EV +4) [Tengu growth]
  3104 | D:4      | Reached XP level 7. HP: 40/40 MP: 8/8
  3117 | D:4      | Reached skill level 6 in Fighting
  3391 | D:5      | Entered Level 5 of the Dungeon
  3530 | D:5      | Reached skill level 7 in Fighting
  3554 | D:5      | Reached XP level 8. HP: 48/48 MP: 9/9
  3555 | D:5      | Reached skill level 8 in Fighting
  3691 | D:5      | Found a glowing drain.
  3703 | Sewer    | Entered a sewer
  3713 | Sewer    | Learned a level 6 spell: Summon Cactus Giant
  4048 | D:5      | Found a shimmering altar of Xom.
  4051 | D:5      | Reached skill level 9 in Fighting
  4051 | D:5      | Found a shimmering altar of Xom.
  4052 | D:5      | Found a shimmering altar of Xom.
  4054 | D:5      | Found a shimmering altar of Xom.
  4095 | D:5      | Found a shimmering altar of Xom.
  4095 | D:5      | Found a shimmering altar of Xom.
  4108 | D:5      | Found a shimmering altar of Xom.
  4343 | D:5      | Found a broken altar of Ashenzari.
  4559 | D:6      | Reached skill level 5 in Summonings
  4583 | D:6      | Reached XP level 9. HP: 34/54 MP: 10/10
  4673 | D:6      | Reached *** piety under Hepliaklqana
  5723 | D:7      | Reached skill level 10 in Summonings
  6474 | D:7      | Reached **** piety under Hepliaklqana
  6826 | D:8      | Noticed Maurice
  6886 | D:8      | Killed Maurice
  6887 | D:8      | Reached XP level 10. HP: 59/59 MP: 11/11
  7092 | D:8      | Found a runed translucent gate.
  7092 | D:8      | Found a runed translucent gate.
  7093 | D:8      | Found a runed translucent gate.
  7093 | D:8      | Noticed a ten-headed hydra
  7094 | D:8      | Noticed mkat's ghost (novice AtAl)
  7667 | D:9      | Got the Quarto of the Alembic
  8390 | D:9      | Noticed Jeremiah
  8398 | D:9      | Reached skill level 10 in Fighting
  8412 | D:9      | Killed Jeremiah
  8488 | D:9      | Reached skill level 11 in Fighting
  8488 | D:9      | Reached XP level 11. HP: 60/66 MP: 7/12
  8624 | D:9      | Noticed Gastronok
  8642 | D:9      | Killed Gastronok
  8643 | D:9      | Reached skill level 12 in Fighting
  8761 | D:9      | Found a burning altar of Makhleb.
  8825 | D:9      | Noticed an arcanist
  8831 | D:9      | Killed an arcanist
  9063 | D:9      | Learned a level 4 spell: Martyr's Knell
  9125 | D:10     | Entered Level 10 of the Dungeon
  9125 | D:10     | Noticed a two-headed ogre
  9177 | D:10     | Noticed a two-headed ogre
  9184 | D:10     | Killed a two-headed ogre
  9186 | D:10     | Killed a two-headed ogre
  9187 | D:10     | Reached skill level 13 in Fighting
  9820 | D:11     | Reached ***** piety under Hepliaklqana
  9943 | D:11     | Found Faetejux's Jewellery Emporium.
 10175 | D:11     | Reached skill level 14 in Fighting
 10838 | D:11     | Found a staircase to the Lair.
 10849 | D:11     | Reached XP level 12. HP: 77/77 MP: 1/13
 11405 | D:11     | Found a staircase to the Orcish Mines.
 11582 | D:12     | Noticed Jorgrun
 11660 | D:11     | Reached skill level 15 in Fighting
 11842 | D:12     | Killed Jorgrun
 11997 | D:12     | Noticed Nessos
 12007 | D:12     | HP: 3/79 [Nessos/arrow (6)]
 12007 | D:12     | Shot with an arrow by Nessos

Illustrated notes

Levels and vault maps discovered:
D:1:      dpeg_arrival_arbitrary_c, layout_basic
D:2:      layout_basic, ebering_ecumenical_altar_mist, uniq_jessica
D:3:      layout_loops_corners, minitemple
D:4:      layout_cave_pods, temple_pool_b
D:5:      layout_basic, kennysheep_little_box, nicolae_xom_altar_mimics,
          cheibrodos_sewer_entry_bend, minmay_diced_spiral
D:6:      layout_cave_pools, minmay_misc_feat_hallway, grunt_ministairs_15,
          hangedman_decor_lopped, bh_walls_and_bars
D:7:      layout_loops_ring
D:8:      layout_basic, gammafunk_ghost_hydra_chop, uniq_maurice
D:9:      nicolae_whirlpool, layout_rooms, mainiacjoe_overflow_alcove_2,
          lightli_wizard_tower, uniq_gastronok, uniq_jeremiah
D:10:     layout_cave_pools
D:11:     layout_long_grid, grunt_lair_entry_orc_guard_hut, erik_orc_2,
          serial_shops, nicolae_shop_gaudy_bauble
D:12:     layout_big_octagon, ebering_ghost_xom,
          serial_library_hellmonk_open_square, uniq_nessos, uniq_jorgrun
Temple:   minmay_temple_forest_path

Skill      XL: |  1  2  3  4  5  6  7  8  9 10 11 12 |
---------------+-------------------------------------+-----
Long Blades    | 4 5 |  5.0
Summonings     | 1 3 7 12 14 | 14.0
Fighting       | 4 5 7 9 11 14 15 | 15.6
Maces & Flails | 1 |  1.0
Dodging        | |  3.2

Action                     |  1- 3 |  4- 6 |  7- 9 | 10-12 || total
---------------------------+-------+-------+-------+-------++-------
  Melee: Dagger            |    45 |    83 |    13 |       ||   141
         Kick              |     9 |    22 |     3 |    18 ||    52
         Peck              |     6 |    14 |     3 |    12 ||    35
         Falchion          |     2 |       |       |       ||     2
         Punch             |     1 |     1 |       |       ||     2
         Mace              |       |    17 |       |       ||    17
         Spear             |       |       |       |    12 ||    12
         Trident           |       |       |       |    55 ||    55
   Fire: Sling             |     9 |       |       |       ||     9
         Shortbow          |       |    21 |   231 |   170 ||   422
   Cast: Summon Cactus Gia |       |       |       |    24 ||    24
         Martyr's Knell    |       |       |       |     9 ||     9
 Invoke: Ancestor Life: Ba |       |     1 |       |       ||     1
         Recall Ancestor   |       |       |     1 |     4 ||     5
    Use: Scroll            |       |     2 |     3 |     7 ||    12
   Stab: Sleeping          |     1 |     1 |       |       ||     2
 Armour: Robe              |    17 |    52 |    49 |       ||   118
         Steam dragon scal |       |       |       |    83 ||    83
  Dodge: Dodged            |    29 |    89 |    83 |   103 ||   304
